 Dungeon Crawl Stone Soup version 0.29-a0-393-g47a863cc1b (webtiles) character file.

Game seed: 12592546104892044434

1969 Kenran the Covert (level 9, -1/42 HPs)
             Began as a Spriggan Enchanter on May 9, 2022.
             Was an Initiate of Dithmenos.
             Killed from afar by an orc wizard (6 damage)
             ... with a puff of flame
             ... on level 6 of the Dungeon.
             The game lasted 00:21:09 (8833 turns).

Kenran the Covert (Spriggan Enchanter)              Turns: 8833, Time: 00:21:10

Health: -1/42      AC:  3    Str:  4    XL:     9   Next: 0%
Magic:  0/16       EV: 20    Int: 21    God:    Dithmenos [......]
Gold:   328        SH:  0    Dex: 15    Spells: 11/16 levels left

rFire   . . .      SeeInvis +   a - +1 short sword (elec)
rCold   . . .      Faith    .   (no shield)
rNeg    . . .      Spirit   +   b - +0 robe
rPois   .          Reflect  .   (helmet restricted)
rElec   .          Harm     .   o - +0 cloak
rCorr   .          Rampage  .   (gloves unavailable)
Will    +....                   (boots unavailable)
Stlth   ++++......              A - amulet of guardian spirit
HPRegen 0.14/turn               (no ring)
MPRegen 0.15/turn               (no ring)

@: invisible, very quick
A: very small, no large weapons, unfitting armour, see invisible, speed 3
a: Renounce Religion


You were on level 6 of the Dungeon.
You worshipped Dithmenos.
Dithmenos was noncommittal.
You visited 2 branches of the dungeon, and saw 7 of its levels.

You collected 328 gold pieces.

Inventory:

Hand Weapons
 a - a +1 short sword of electrocution (weapon)
Armour
 b - a +0 robe (worn)
 o - a +0 cloak (worn)
Jewellery
 A - an amulet of guardian spirit (around neck)
Wands
 n - a wand of flame (26)
 D - a wand of paralysis (6)
Scrolls
 d - 2 scrolls of poison {!r}
 g - 2 scrolls of enchant armour
 h - 4 scrolls of immolation {!r}
 i - a scroll of vulnerability {unknown}
 j - a scroll of brand weapon {unknown}
 m - 3 scrolls of blinking {unknown}
 q - 2 scrolls of teleportation
 u - 2 scrolls of noise {unknown}
 v - a scroll of fear {unknown}
 y - 3 scrolls of silence {unknown}
 B - a scroll of amnesia {unknown}
Potions
 c - a potion of invisibility
 e - a potion of haste {unknown}
 f - 3 potions of degeneration {unknown}
 k - 4 potions of might {unknown}
 l - 3 potions of curing {unknown}
 p - 2 potions of resistance
 r - a potion of flight {unknown}
 s - 2 potions of magic {unknown}
 t - a potion of lignification {unknown}
 w - a potion of attraction {unknown}
 x - a potion of mutation {unknown}
 z - a potion of ambrosia {unknown}
 C - 2 potions of heal wounds {unknown}


   Skills:
 + Level 2.2 Fighting
 + Level 6.1 Short Blades
 + Level 7.2 Dodging
 - Level 10.0 Stealth
 - Level 4.0 Spellcasting
 + Level 7.2 Hexes
 + Level 1.0 Invocations
 + Level 1.4 Evocations


You had 11 spell levels left.
You knew the following spells:

 Your Spells              Type           Power      Damage    Failure   Level
a - Ensorcelled Hibernat  Hex/Ice        38%        N/A       4%          2
b - Confusing Touch       Hex            34%        N/A       1%          3

Your spell library contained the following spells:

 Spells                   Type           Power      Damage    Failure   Level
 Tukima's Dance           Hex            34%        N/A       1%          3
 Dazzling Flash           Conj/Hex       38%        N/A       9%          3
 Conjure Flame            Conj/Fire      4%         6-21      34%         3
 Ignite Poison            Fire/Tmut/Pois 4%         N/A       34%         3
 Ice Form                 Ice/Tmut       4%         N/A       75%         4
 Sticky Flame             Conj/Fire      4%         2d3       75%         4
 Polar Vortex             Ice            2%         N/A       100%        9


Dungeon Overview and Level Annotations

Branches:
Dungeon (6/15)             Temple (1/1) D:6

Altars:
Dithmenos
Gozag
Nemelex Xobeh
Qazlal
Ru
Sif Muna
Wu Jian
The Shining One

Annotations:
D:3 Grinder
D:4 Duvessa


Innate Abilities, Weirdness & Mutations

You are very small and have problems with some larger weapons.
You are too small for most types of armour.
You have supernaturally acute eyesight. (SInv)
You cover ground extremely quickly. (Speed+++)


Message History

Dithmenos accepts your kill. The gnoll barely misses you.
You have reached level 9!
Your experience leads to an increase in your attributes!
Increase (S)trength, (I)ntelligence, or (D)exterity?
You feel clever. x2
Casting: Ensorcelled Hibernation (safe; 4% risk of failure)
Confirm with . or Enter, or press ? or * to list all spells.
Aiming: Ensorcelled Hibernation (safe; 4% risk of failure)
Press: ? - help, Shift-Dir - straight line, f - gnoll
Aim: a gnoll, wielding a +0 spear (fast, chance to affect: 61%)
The gnoll looks drowsy...
The gnoll shaman hits you from afar with a +0 spear.
The gnoll barely misses you.
The helpless gnoll fails to defend itself.
You stick the gnoll like a pincushion!!!
You kill the gnoll!
Dithmenos accepts your kill.
You hit the gnoll but do no damage.
The gnoll is lightly wounded.
The gnoll misses you.
The gnoll shaman hits you from afar with a +0 spear!
* * * LOW HITPOINT WARNING * * *
Found 11 stones.
Found a ring mail.
Found a wand of flame (9).
Found 20 gold pieces.
An electric eel comes into view.
The electric eel shoots out a bolt of lightning at you!
The bolt of electricity hits you!
* * * LOW HITPOINT WARNING * * *
The gnoll shaman calls upon its god to heal the gnoll.
The gnoll's wounds heal themselves!
Okay, then.
Unknown command.
You see here a +0 ring mail.
You fade into invisibility!
The orc wizard gestures at you while chanting.
The puff of flame hits you!
You die...

#########.....#.
#.........!..go.
#.(..........gg.
#..........####)
#........?.#####
#.......$.##....
#.........#.....
#########............g..
.......@[.g..o......g...
.########....o..g.......
#.≈.≈.≈.≈.≈.≈.......
.#$..#...#...#......
.≈.≈.≈.≈.≈.≈.≈.≈.....
....#...#...#........
.≈.≈/≈.≈.≈.≈.≈.≈.....
..#...#...#...#..####
≈.≈.≈.≈.≈.≈.≈.≈.#


You could see an orc wizard (invisible, can't see you), a gnoll (can't see you)
and an orc (can't see you).

Vanquished Creatures
  Pikel (D:4)
  An unseen horror (D:6)
  Eustachio (D:5)
  Edmund (D:4)
  An ice beast (D:5)
  A sky beast (D:6)
  2 lemures (D:5)
  A phantom (D:5)
  3 wights (D:5)
  Dowan (D:5)
  2 hounds
  An orc priest (D:6)
  An iguana (D:5)
  5 orc wizards
  7 gnolls
  10 adders
  A shadow imp (D:5)
  3 worms
  3 dart slugs
  8 orcs
  8 ball pythons
  4 bats
  8 endoplasms
  2 giant cockroaches
  14 goblins
  10 hobgoblins
  6 jackals
  3 quokkas
  5 frilled lizards
  8 kobolds
  7 rats
129 creatures vanquished.

Vanquished Creatures (others)
  A fungus (D:6)
  3 toadstools (D:4)
4 creatures vanquished.

Grand Total: 133 creatures vanquished

Notes
Turn   | Place    | Note
-------+----------+-------------------------------------------
     0 | D:1      | Kenran the Spriggan Enchanter began the quest for the Orb.
     0 | D:1      | Reached XP level 1. HP: 9/9 MP: 5/5
   300 | D:1      | Reached XP level 2. HP: 11/13 MP: 6/6
   911 | D:1      | Learned a level 2 spell: Ensorcelled Hibernation
   935 | D:1      | Reached skill level 5 in Stealth
  1330 | D:1      | Reached XP level 3. HP: 16/16 MP: 2/8
  1595 | D:1      | Learned a level 3 spell: Confusing Touch
  3737 | D:2      | Reached XP level 4. HP: 21/21 MP: 7/9
  4527 | D:2      | Reached skill level 6 in Stealth
  4632 | D:3      | Noticed Grinder
  5128 | D:3      | Reached skill level 5 in Hexes
  5131 | D:3      | Reached XP level 5. HP: 15/24 MP: 10/10
  5274 | D:3      | Found a faded altar of an unknown god.
  5675 | D:4      | Found a stormy altar of Qazlal.
  5760 | D:4      | Noticed Edmund
  5779 | D:4      | Killed Edmund
  5780 | D:4      | Reached skill level 5 in Dodging
  5780 | D:4      | Reached XP level 6. HP: 28/28 MP: 0/11
  6598 | D:5      | Entered Level 5 of the Dungeon
  6602 | D:5      | Reached skill level 7 in Stealth
  6797 | D:5      | Reached XP level 7. HP: 27/32 MP: 7/12
  6877 | D:5      | Reached skill level 8 in Stealth
  7057 | D:5      | Noticed Dowan
  7063 | D:5      | Noticed Duvessa
  7064 | D:5      | Killed Dowan
  7259 | D:5      | Noticed Pikel
  7305 | D:5      | Reached skill level 1 in Fighting
  7615 | D:4      | Killed Pikel
  7616 | D:4      | Reached skill level 5 in Short Blades
  7616 | D:4      | Reached XP level 8. HP: 16/38 MP: 5/15
  7860 | D:5      | Got the Compendium of Icy Confrontation
  7925 | D:5      | Noticed Eustachio
  7936 | D:5      | Killed Eustachio
  7937 | D:5      | Reached skill level 9 in Stealth
  8560 | D:6      | Found a staircase to the Ecumenical Temple.
  8571 | Temple   | Entered the Ecumenical Temple
  8620 | Temple   | Became a worshipper of Dithmenos the Shadowed
  8685 | D:6      | Noticed an unseen horror
  8750 | D:6      | Killed an unseen horror
  8751 | D:6      | Reached skill level 10 in Stealth
  8751 | D:6      | Reached skill level 1 in Invocations
  8751 | D:6      | Reached skill level 1 in Evocations
  8807 | D:6      | Reached XP level 9. HP: 20/42 MP: 5/16
  8833 | D:6      | Killed from afar by an orc wizard

Illustrated notes

Levels and vault maps discovered:
D:1:      lightli_arrival_flooded_house, layout_loops_ring,
          minmay_misc_feat_hallway, chequers_jeans
D:2:      layout_basic
D:3:      cheibrodos_greedy_goblins, layout_rooms,
          nicolae_ecumenical_lake_church, chequers_serial_rivers_micro_a,
          minmay_misc_feat_diagonals, uniq_grinder
D:4:      layout_basic, nicolae_qazlal_general_emergency,
          minmay_gold_behind_fungi, mrwooster_statue_mirror, uniq_edmund
D:5:      layout_loops_ring, minmay_a_box_with_orc_wizards_in_it, uniq_duvessa,
          uniq_eustachio, uniq_pikel, uniq_menkaure
D:6:      layout_rooms, fedhas_altar_3, minmay_temple_entry_proselytizer,
          minmay_misc_feat_x, chequers_avenue, kennysheep_crisscross
Temple:   mainiacjoe_temple_bowtie_tessellation

Skill      XL: |  1  2  3  4  5  6  7  8 |
---------------+-------------------------+-----
Dodging        | 3 4 5 6 7 |  7.2
Hexes          | 4 5 6 7 |  7.2
Stealth        | 5 6 7 8 10 | 10.0
Short Blades   | 2 4 5 6 |  6.1
Spellcasting   | 4 |  4.0
Fighting       | 1 2 |  2.2
Invocations    | 1 |  1.0
Evocations     | 1 |  1.4

Action                   |  1- 3 |  4- 6 |  7- 9 || total
-------------------------+-------+-------+-------++-------
Melee: Dagger            |   139 |    43 |       ||   182
       Punch             |     1 |     1 |     1 ||     3
       Short sword       |       |   125 |    92 ||   217
 Cast: Ensorcelled Hiber |    25 |    20 |    25 ||    70
       Confusing Touch   |     1 |     4 |     5 ||    10
  Use: Scroll            |     1 |     5 |       ||     6
       Potion            |       |       |     1 ||     1
 Stab: Sleeping          |    19 |    28 |    15 ||    62
       Confused          |     1 |     3 |     2 ||     6
       Distracted        |       |     1 |       ||     1
Armor: Robe              |    16 |    18 |     5 ||    39
Dodge: Dodged            |    80 |   106 |    63 ||   249

Table legend: (Time is in decaauts)
 A = Elapsed time spent in this place.
 B = Non-inter-level travel time spent in this place.
 C = Inter-level travel time spent in this place.
 D = Time resting spent in this place.
 E = Time spent auto-exploring this place.
 F = Levels seen in this place.
 G = Mean time per level.
                   A        B        C        D        E       F      G
               +--------+--------+--------+--------+--------+-----+--------+
         Total |   6776 |   6552 |    224 |   2674 |   2218 |   7 |  968.0 |
       Dungeon |   6729 |   6517 |    212 |   2674 |   2196 |   6 | 1121.5 |
        Temple |     47 |     35 |     12 |      0 |     21 |   1 |   47.0 |
               +--------+--------+--------+--------+--------+-----+--------+

Top non-repeatable levels by time:
     D:1: 2339 daAuts
     D:2: 1441 daAuts
     D:4: 1227 daAuts
     D:5: 1074 daAuts
     D:3: 491 daAuts
     D:6: 153 daAuts
  Temple: 47 daAuts
